 Dungeon Crawl Stone Soup version 0.32-a0-886-g41c5271027 (webtiles) character file.

Game seed: 9145997386541724064

15715 pokeman the Eclecticist (level 12, -7/66 HPs)
             Began as a Deep Elf Hedge Wizard on Apr 2, 2024.
             Was a Priest of Vehumet.
             Killed from afar by a death drake (17 damage)
             ... with a foul vapour
             ... on level 11 of the Dungeon.
             The game lasted 00:49:47 (15047 turns).

pokeman the Eclecticist (Deep Elf Hedge Wizard)    Turns: 15047, Time: 00:49:47

Health: -7/66      AC:  5    Str:  7    XL:     12   Next: 3%
Magic:  26/34      EV: 11    Int: 25    God:    Vehumet [***...]
Gold:   609        SH:  0    Dex: 14    Spells: 26/43 levels left

rFire   + + .        p - +2 quarterstaff (chaos)
rCold   + . .        (shield currently unavailable)
rNeg    . . .        v - +1 leather armour of the Shining Light {Fly rF++ Stlth-}
rPois   .            c - +0 hat
rElec   .            q - +0 cloak
rCorr   .            (no gloves)
SInv    +            (no boots)
Will    +....        (no amulet)
Stlth   +            M - ring of protection from cold
HPRegen 0.31/turn    N - ring of see invisible
MPRegen 0.24/turn

%: no passive effects
@: lethally poisoned (-7 -> -28), on blink cooldown, flying, slowed, very slow
A: no striking features
a: Renounce Religion


You were on level 11 of the Dungeon.
You worshipped Vehumet.
Vehumet was most pleased with you.
You visited 2 branches of the dungeon, and saw 12 of its levels.
You also visited: Ossuary.

You collected 609 gold pieces.

Inventory:

Hand Weapons
 p - a +2 quarterstaff of chaos (weapon)
 r - the +3 whip "Havoykhed" {heavy, Str+2}
   (You found it on level 2 of the Dungeon)

   Str+2:     It affects your strength (+2).
 T - a +2 spear of pain
Missiles
 x - 4 curare-tipped darts
 B - 2 throwing nets
Armour
 c - a +0 hat (worn)
 q - a +0 cloak (worn)
 v - the +1 leather armour of the Shining Light (worn) {Fly rF++ Stlth-}
   (You found it on level 4 of the Dungeon)

   rF++:      It greatly protects you from fire.
   Fly:       It grants you flight.
   Stlth-:    It makes you less stealthy.
 C - a +2 buckler
 Q - a +2 leather armour of fire resistance
 V - a +2 robe of cold resistance
Magical Staves
 i - a staff of air
 k - a staff of cold
 U - a staff of alchemy
Jewellery
 e - the ring of Firr {rF+ rN+++ Str-4 Dex+5 Slay-2}
   (You found it on level 9 of the Dungeon)

   [ring of protection from fire]

   Str-4:     It affects your strength (-4).
   Dex+5:     It affects your dexterity (+5).
   Slay-2:    It affects your accuracy & damage with ranged weapons and melee
   (-2).
   rF+:       It protects you from fire.
   rN+++:     It renders you almost immune to negative energy.
 M - a ring of protection from cold (left hand)
 N - a ring of see invisible (right hand)
 O - a +6 ring of strength
Wands
 t - a wand of polymorph (8)
 w - a wand of warping (4)
 K - a wand of digging (9)
 R - a wand of charming (8)
 S - a wand of flame (21)
Scrolls
 a - 5 scrolls of teleportation {unknown}
 b - 2 scrolls of fear {unknown}
 g - 3 scrolls of noise {unknown}
 h - 2 scrolls of revelation {unknown}
 j - 10 scrolls of identify {unknown}
 l - 4 scrolls of poison {unknown}
 m - 5 scrolls of blinking {unknown}
 n - 4 scrolls of immolation {unknown}
 y - 3 scrolls of enchant armour {unknown}
 D - 2 scrolls of acquirement {unknown}
 F - 4 scrolls of vulnerability {unknown}
 G - 2 scrolls of amnesia {unknown}
 H - a scroll of torment {unknown}
 I - a scroll of butterflies {unknown}
Potions
 d - 3 potions of magic
 f - 2 potions of ambrosia {unknown}
 o - 5 potions of enlightenment {unknown}
 s - 5 potions of curing
 u - 2 potions of might {unknown}
 z - 2 potions of brilliance {unknown}
 A - 2 potions of lignification {unknown}
 E - 3 potions of attraction {unknown}
 J - 3 potions of mutation {unknown}
 L - 3 potions of haste {unknown}
 P - 2 potions of heal wounds {unknown}


   Skills:
 - Level 4.0 Fighting
 + Level 3.4 Armour
 - Level 3.3 Dodging
 - Level 3.1 Stealth
 - Level 4.3 Shields
 * Level 16.2 Spellcasting
 + Level 9.5 Conjurations
 - Level 1.1 Summonings
 - Level 2.3 Necromancy
 - Level 1.1 Translocations
 + Level 1.2 Fire Magic
 + Level 9.0 Ice Magic
 - Level 1.0 Air Magic
 + Level 1.8 Earth Magic
 - Level 1.0 Alchemy
 - Level 1.1 Evocations


You had 26 spell levels left.
You knew the following spells:

 Your Spells              Type           Power      Damage    Failure   Level
a - Magic Dart            Conj           100%       1d8       1%          1
b - Mephitic Cloud        Conj/Alch/Air  39%        N/A       1%          3
c - Call Imp              Summ           50%        N/A       3%          2
d - Blink                 Tloc           50%        N/A       3%          2
e - Lee's Rapid Deconstr  Erth           14%        3d9*      13%         5
f - Flame Wave            Conj/Fire      47%        2d12      1%          4

Your spell library contained the following spells:

 Spells                   Type           Power      Damage    Failure   Level
 Olgreb's Toxic Radiance  Alch           25%        N/A       7%          4
 Necrotise                Necr           100%       1d9       1%          1
 Sting                    Conj/Alch      100%       1d9       1%          1
 Volatile Blastmotes      Fire/Tloc      52%        2d14      1%          3
 Apportation              Tloc           50%        N/A       2%          1
 Summon Small Mammal      Summ           100%       N/A       2%          1
 Inner Flame              Hex/Fire       23%        N/A       2%          3
 Slow                     Hex            80%        N/A       3%          1
 Cigotuvi's Dreadful Rot  Necr/Alch/Air  54%        N/A       3%          2
 Arcjolt                  Conj/Air       23%        1d33      3%          5
 Sticky Flame             Fire/Alch      26%        2d6       7%          4
 Maxwell's Portable Pile  Tloc           25%        2d(7-21)  8%          3
 Teleport Other           Tloc           25%        N/A       8%          3
 Martyr's Knell           Necr/Summ      29%        N/A       19%         4
 Animate Armour           Summ/Erth      54%        N/A       21%         4
 Summon Lightning Spire   Summ/Air       25%        N/A       24%         4
 Summon Forest            Summ/Tloc      12%        N/A       56%         5
 Summon Mana Viper        Hex/Summ       23%        N/A       63%         5
 Dispersal                Tloc           12%        N/A       98%         6
 Gell's Gavotte           Tloc           12%        2d(16-24) 98%         6
 Summon Cactus Giant      Summ           12%        N/A       98%         6
 Maxwell's Capacitive Co  Air            12%        ∞         100%        8
 Summon Horrible Things   Summ           12%        N/A       100%        8


Dungeon Overview and Level Annotations

Branches:
Dungeon (11/15)            Temple (1/1) D:6            Lair (0/5) D:10
    Orc (0/2) D:10        Ossuary (visited)

Altars:
Ashenzari
Cheibriados
Dithmenos
Elyvilon
Fedhas
Gozag
Hepliaklqana
Kikubaaqudgha
Makhleb
Nemelex Xobeh
Okawaru
Qazlal
Ru
Sif Muna
Trog
Uskayaw
Vehumet
Wu Jian
Xom
Yredelemnul
Zin
The Shining One

Shops:
D:3 (


Message History

The death drake bites you.
Casting: Mephitic Cloud (safe; 1% risk of failure)
Confirm with . or Enter, or press ? or * to list all spells.
Casting: Flame Wave (dangerous; 1% risk of failure)
Press: ? - help, Dir - look around, f - activate A wave of flame ripples out!
The flame wave engulfs the death drake!
The death drake is moderately wounded. (Press . to intensify the flame waves.)
The death drake breathes miasma at you. The foul vapour engulfs you!
You are poisoned.
A wave of flame ripples out!
The flame wave engulfs the death drake.
The death drake is moderately wounded.
You are engulfed in dark miasma.
You are lethally poisoned!
You feel yourself slow down.
* * * LOW HITPOINT WARNING * * *
You feel extremely sick.
The death drake bites you but does no damage.
Casting: Flame Wave (dangerous; 1% risk of failure)
Confirm with . or Enter, or press ? or * to list all spells.
You blink.
* * * LOW HITPOINT WARNING * * *
You feel extremely sick.
Unknown command.
You feel better.
The death drake bites you but does no damage.
The death drake misses you.
Unknown command.
Aiming: Warp Space
Press: ? - help, Shift-Dir - straight line Space twists violently!
The rupture engulfs the death drake!
The death drake is heavily wounded.
You hear a horrible gurgling sound!
The death drake bites you.
* * * LOW HITPOINT WARNING * * *
The death drake breathes miasma at you. The foul vapour engulfs you!
You are lethally poisoned!
You die...

. ##.#..##.........####..####.<..
...........))....................
..##....................#...(....
... ....^..............###..#....
... #.#..........##...(.###.#....
...##.#.........)................
#..........)......○..............
##..............k○...............
.#...##..#......@................
..>.####...#............#.#)..(..
.....# #..##.....##.....###......
....####.........##.....# #......
.............##.......### ##.....
.............#..#.#.....###......
.)................##..#.........[
.##..........#...................
).#..[.#.##..#.........#.........


You could see a death drake (catching breath).

Vanquished Creatures
  Fannar (D:10)
  Erolcha (D:10)
  4 two-headed ogres
  Joseph (D:7)
  2 unseen horrors (D:11)
  A kobold demonologist (D:11)
  2 komodo dragons (D:10)
  A tengu conjurer (D:9)
  3 trolls
  A hornet (D:9)
  A slime creature (D:11)
  A vampire (D:11)
  2 wraiths (D:9)
  20 yaks
  5 wyverns
  A basilisk (D:11)
  A steam dragon (D:8)
  Menkaure (D:5)
  An acid dragon (D:10)
  2 water moccasins
  A black bear (D:7)
  2 sky beasts
  7 orc warriors
  3 ogres
  5 centaurs
  3 phantoms
  4 kobold brigands
  6 bullfrogs
  2 gnoll sergeants (D:8)
  2 scorpions (D:6)
  A water moccasin zombie (Ossuary)
  4 wights
  5 killer bees (D:9)
  A bombardier beetle (D:5)
  A bullfrog zombie (Ossuary)
  A gnoll bouda (D:6)
  3 hounds
  3 orc priests
  2 iguanas (D:10)
  4 orc wizards
  A sleepcap (D:7)
  19 gnolls
  6 adders
  2 ufetubi (D:7)
  3 adder zombies (Ossuary)
  A dart slug (D:3)
  4 ribbon worms
  17 orcs
  4 endoplasms
  2 giant cockroaches
  3 gnoll zombies (Ossuary)
  6 goblins
  4 hobgoblins (D:1)
  5 quokkas
  5 ball pythons
  4 bats
  5 frilled lizards
  3 goblin zombies (Ossuary)
  11 kobolds
  5 orc zombies (Ossuary)
  17 rats
239 creatures vanquished.

Vanquished Creatures (collateral kills)
  A steam dragon (D:6)
  An ice beast (D:6)
  A centaur (D:9)
  2 water moccasin zombies (Ossuary)
  A killer bee (D:9)
  2 centaur zombies (Ossuary)
  2 human zombies
  Crazy Yiuf (D:2)
  An ogre zombie (Ossuary)
  An adder zombie (Ossuary)
  An orc (D:7)
  A goblin zombie (Ossuary)
  A hobgoblin zombie (Ossuary)
  6 rats (D:2)
22 creatures vanquished.

Vanquished Creatures (others)
  A gnoll (D:6)
1 creature vanquished.

Grand Total: 262 creatures vanquished

Notes
Turn   | Place    | Note
-------+----------+-------------------------------------------
     0 | D:1      | pokeman the Deep Elf Hedge Wizard began the quest for the
                  | Orb.
     0 | D:1      | Reached XP level 1. HP: 10/10 MP: 7/7
   434 | D:1      | Reached XP level 2. HP: 16/16 MP: 5/9
   928 | D:2      | Reached skill level 5 in Spellcasting
  1023 | D:2      | Reached XP level 3. HP: 20/20 MP: 2/11
  1027 | D:2      | Learned a level 3 spell: Mephitic Cloud
  1030 | D:2      | Learned a level 2 spell: Call Imp
  1033 | D:2      | Learned a level 2 spell: Blink
  1177 | D:2      | Reached skill level 1 in Armour
  1381 | D:2      | Reached skill level 1 in Fighting
  1669 | D:2      | Identified the +3 whip "Havoykhed" {heavy, Str+2}
  1821 | D:2      | Found a faded altar of an unknown god.
  1959 | D:2      | Found a runed translucent door.
  1960 | D:2      | Noticed Crazy Yiuf
  1991 | D:2      | Reached XP level 4. HP: 25/25 MP: 11/13
  2187 | D:2      | Killed Crazy Yiuf
  2416 | D:3      | Noticed an ogre
  2423 | D:3      | Killed an ogre
  2424 | D:3      | Reached skill level 1 in Shields
  2424 | D:3      | Reached skill level 6 in Spellcasting
  2424 | D:3      | Reached XP level 5. HP: 29/29 MP: 7/15
  2834 | D:3      | Found an opulent altar of Gozag.
  3170 | D:3      | Found Egawki Jevo's Weapon Boutique.
  3614 | D:4      | Identified the +1 leather armour of the Shining Light {Fly
                  | rF++ Stlth-}
  3640 | D:4      | Found a glowing silver altar of Zin.
  3640 | D:4      | Noticed an angel
  4284 | D:4      | Found an ornate altar of the Wu Jian Council.
  4284 | D:4      | Found a faded altar of an unknown god.
  4292 | D:4      | Found a faded altar of an unknown god.
  4294 | D:4      | Found a blossoming altar of Fedhas.
  4296 | D:4      | Found a shadowy altar of Dithmenos.
  4437 | D:5      | Entered Level 5 of the Dungeon
  4446 | D:5      | Noticed a phantom
  4460 | D:5      | Noticed a centaur
  4461 | D:5      | Killed a phantom
  4462 | D:5      | Reached skill level 1 in Ice Magic
  4462 | D:5      | Reached skill level 1 in Air Magic
  4462 | D:5      | Reached skill level 1 in Alchemy
  4462 | D:5      | Reached skill level 1 in Evocations
  4462 | D:5      | Reached XP level 6. HP: 15/34 MP: 2/17
  4495 | D:5      | Reached skill level 7 in Spellcasting
  4631 | D:5      | Reached XP level 7. HP: 38/38 MP: 9/19
  4723 | D:5      | Noticed a fire elemental
  4727 | D:5      | Found a hazy altar of Hepliaklqana.
  4732 | D:5      | Noticed Menkaure
  4740 | D:5      | Killed Menkaure
  4830 | D:5      | Found a hide-covered altar of Uskayaw.
  4968 | D:5      | Found a stormy altar of Qazlal.
  4969 | D:5      | Noticed a water elemental
  4988 | D:5      | Noticed a +0 dagger
  4989 | D:5      | Noticed a +0 hand axe
  5030 | D:5      | Reached skill level 8 in Spellcasting
  5251 | D:5      | Noticed an air elemental
  5283 | D:5      | Found a shimmering blue altar of Sif Muna.
  5355 | D:6      | Found a staircase to the Ecumenical Temple.
  5357 | D:6      | Noticed a steam dragon
  5394 | D:6      | Killed a steam dragon
  5396 | D:6      | Reached XP level 8. HP: 44/44 MP: 9/22
  5405 | D:6      | Reached skill level 9 in Spellcasting
  5445 | Temple   | Entered the Ecumenical Temple
  5474 | Temple   | Became a worshipper of Vehumet
  5549 | D:6      | Found a sand-covered staircase.
  5567 | Ossuary  | Entered an ossuary
  6148 | Ossuary  | Reached skill level 5 in Conjurations
  6273 | Ossuary  | Reached * piety under Vehumet
  6273 | Ossuary  | Offered knowledge of Freeze by Vehumet.
  6348 | Ossuary  | Noticed a silent spectre
  6396 | D:6      | Reached skill level 10 in Spellcasting
  6903 | D:6      | Found a sacrificial altar of Ru.
  7255 | D:7      | Reached XP level 9. HP: 35/48 MP: 18/25
  7415 | D:7      | Noticed Joseph
  7452 | D:7      | Killed Joseph
  7453 | D:7      | Reached skill level 11 in Spellcasting
  7453 | D:7      | Reached skill level 5 in Ice Magic
  7894 | D:7      | Got Mouleh's Dissertation on the Manifold and Bringing
                  | Forth
  8697 | D:8      | Reached skill level 12 in Spellcasting
  8731 | D:8      | Reached ** piety under Vehumet
  8988 | D:8      | Offered knowledge of Searing Ray by Vehumet.
  8991 | D:8      | Reached XP level 10. HP: 14/53 MP: 28/28
  9234 | D:8      | Reached skill level 13 in Spellcasting
  9732 | D:9      | Noticed a two-headed ogre
  9750 | D:9      | Killed a two-headed ogre
  9751 | D:9      | Reached skill level 1 in Necromancy
  9913 | D:9      | Noticed a two-headed ogre
  9954 | D:9      | Killed a two-headed ogre
  9955 | D:9      | Reached skill level 14 in Spellcasting
 10113 | D:9      | Noticed a two-headed ogre
 10117 | D:9      | Killed a two-headed ogre
 10128 | D:9      | Reached XP level 11. HP: 16/58 MP: 31/31
 10320 | D:9      | Offered knowledge of Mercury Vapours by Vehumet.
 10406 | D:9      | Paralysed by a hornet for 2 turns
 11174 | D:9      | Identified the ring of Firr {rF+ rN+++ Str-4 Dex+5 Slay-2}
 11568 | D:10     | Entered Level 10 of the Dungeon
 11615 | D:10     | Reached *** piety under Vehumet
 11662 | D:10     | Reached skill level 15 in Spellcasting
 11774 | D:10     | Noticed Fannar
 11802 | D:10     | Noticed Erolcha
 11814 | D:10     | Killed Erolcha
 11838 | D:10     | Killed Fannar
 12237 | D:10     | Found a staircase to the Orcish Mines.
 12340 | D:10     | Learned a level 5 spell: Lee's Rapid Deconstruction
 12398 | D:10     | Found a staircase to the Lair.
 12689 | D:10     | Noticed a two-headed ogre
 12735 | D:10     | Killed a two-headed ogre
 12960 | D:11     | Noticed an orc knight
 13569 | D:11     | Reached skill level 1 in Earth Magic
 13623 | D:11     | Noticed a brown ugly thing
 13715 | D:10     | Learned a level 4 spell: Flame Wave
 13952 | D:10     | Reached skill level 16 in Spellcasting
 14137 | D:11     | Offered knowledge of Olgreb's Toxic Radiance by Vehumet.
 14322 | D:11     | Reached skill level 1 in Fire Magic
 14506 | D:11     | Reached XP level 12. HP: 66/66 MP: 28/34
 15047 | D:11     | Killed from afar by a death drake

Illustrated notes

Levels and vault maps discovered:
D:1:      roderic_octagonal_star, layout_rooms, chequers_arboretum, st_stairs_7
D:2:      layout_loops_ring, ebering_ecumenical_altar_box, minmay_rat_hole,
          uniq_crazy_yiuf_cottage
D:3:      layout_loops_cross, marbit_many_paths, serial_shops, shop, hex_medium,
          dk_noncrumbling_4
D:4:      layout_basic, zin_angel, chequers_temple_overflow_minitemple,
          minmay_misc_feat_chi
D:5:      layout_cave_pools, nicolae_qazlal_style_of_elements,
          nicolae_sif_muna_little_library, mainiacjoe_overflow_brackets,
          dancing_weapons_uskayaw, uniq_menkaure
D:6:      layout_rooms, lemuel_crystal_altar,
          minmay_temple_entry_statues_fountains, enter_ossuary_3,
          serial_library_hellmonk_recessed_alcove
D:7:      layout_loops_ring, uniq_joseph
D:8:      layout_cave_pools
D:9:      wad_cavern_with_rooms, layout_irregular_city
D:10:     layout_loops_ring, dpeg_lair_monsters, orc_0_dummy, uniq_erolcha,
          uniq_fannar
D:11:     layout_cave_pools, minivault_20, roderic_serpentine_path
Temple:   nicolae_temple_godzebo

Skill      XL: |  1  2  3  4  5  6  7  8  9 10 11 |
---------------+----------------------------------+-----
Spellcasting   | 5 6 7 8 10 12 14 16 | 16.2
Armour         | 1 2 3 |  3.4
Fighting       | 1 2 4 |  4.0
Conjurations   | 2 3 4 5 6 8 9 |  9.5
Dodging        | 3 |  3.3
Shields        | 1 2 3 4 |  4.3
Ice Magic      | 1 3 4 6 7 9 |  9.0
Air Magic      | 1 |  1.0
Alchemy        | 1 |  1.0
Evocations     | 1 |  1.1
Stealth        | 3 |  3.1
Necromancy     | 2 |  2.3
Earth Magic    | 1 |  1.8
Fire Magic     | 1 |  1.2
Summonings     | |  1.1
Translocations | |  1.1

Action                     |  1- 3 |  4- 6 |  7- 9 | 10-12 || total
---------------------------+-------+-------+-------+-------++-------
  Melee: Dagger            |    50 |       |       |       ||    50
         Demon trident     |     3 |     2 |       |       ||     5
         Whip              |       |    18 |   156 |   104 ||   278
         Quarterstaff      |       |       |       |    81 ||    81
         Staff             |       |       |       |     1 ||     1
   Cast: Magic Dart        |    78 |    92 |   193 |   267 ||   630
         Mephitic Cloud    |     3 |     5 |    34 |    76 ||   118
         Call Imp          |     1 |     3 |    27 |     9 ||    40
         Blink             |       |       |    10 |    10 ||    20
         Flame Wave        |       |       |       |    15 ||    15
         Lee's Rapid Decon |       |       |       |     1 ||     1
  Evoke: Wand              |       |     1 |     6 |    25 ||    32
    Use: Potion            |       |       |       |     2 ||     2
   Stab: Confused          |     5 |     2 |    12 |    21 ||    40
         Distracted        |       |       |     1 |       ||     1
 Armour: Robe              |    28 |     9 |       |       ||    37
         Leather armour    |       |    21 |   204 |   170 ||   395
  Dodge: Dodged            |    25 |    34 |   166 |   136 ||   361

Table legend: (Time is in decaauts)
 A = Elapsed time spent in this place.
 B = Non-inter-level travel time spent in this place.
 C = Inter-level travel time spent in this place.
 D = Time resting spent in this place.
 E = Time spent auto-exploring this place.
 F = Levels seen in this place.
 G = Mean time per level.
                   A        B        C        D        E       F      G
               +--------+--------+--------+--------+--------+-----+--------+
         Total |  15295 |  14643 |    652 |   1805 |   9965 |  13 | 1176.5 |
       Dungeon |  14390 |  13794 |    596 |   1805 |   9324 |  11 | 1308.2 |
        Temple |     58 |      2 |     56 |      0 |      0 |   1 |   58.0 |
       Ossuary |    846 |    846 |      0 |      0 |    641 |   1 |  846.0 |
               +--------+--------+--------+--------+--------+-----+--------+

Top non-repeatable levels by time:
    D:10: 2945 daAuts
     D:9: 2091 daAuts
     D:2: 1440 daAuts
     D:7: 1282 daAuts
     D:6: 1184 daAuts
     D:3: 1153 daAuts
     D:4: 1064 daAuts
     D:8: 960 daAuts
     D:1: 904 daAuts
 Ossuary: 846 daAuts
     D:5: 788 daAuts
    D:11: 575 daAuts
  Temple: 58 daAuts
